General information
- name: BNet
- type: Ladder team game (AT/RT)
- host: Battle.net
- saver: 500GoldOrIUnsum
map: Deadlands
- players: 8
- length: 14:29
- speed: Fast
- version: 1.28 W3XP
- replay type: Public
» download(98 KB)
Players
team 1 (winner)

»
Intrigue (
teal | 71 APM | 1035 actions | 14:28)
4 Blademaster
2 Wind Walk
2 Critical Strike
2 Shadow Hunter
1 Hex
1 Healing Wave
» actions
| Assign group hotkey | 51 | |
| Build / train | 46 | |
| ESC pressed | 2 | |
| Enter build submenu | 14 | |
| Enter hero's abilities submenu | 6 | |
| Give item / drop item | 1 | |
| Right click | 437 | |
| Select / deselect | 106 | |
| Select group hotkey | 328 | |
| Use ability | 44 | |
1035 total
» units
» upgrades
| Ensnare | 1 | |
| Armor | 2 | |
| Melee Weapons | 1 | |
4 total
» buildings
| Altar of Storms | 1 | |
| Orc Burrow | 6 | |
| Voodoo Lounge | 1 | |
| Barracks | 1 | |
| Stronghold | 2 | |
| Beastiary | 1 | |
| Fortress | 1 | |
| War Mill | 2 | |
| Great Hall | 2 | |
17 total
» build order
00:07 Altar of Storms
00:22 Orc Burrow
00:57 Voodoo Lounge
01:20 Orc Burrow
01:51 Barracks
02:51 Stronghold
03:03 Stronghold
05:38 Beastiary
05:44 Orc Burrow
05:57 Orc Burrow
06:00 Fortress
06:06 War Mill
06:10 War Mill
08:52 Great Hall
11:14 Orc Burrow
11:17 Orc Burrow
13:37 Great Hall
» items
| Healing Salve | 3 | |
| Lesser Clarity Potion | 2 | |
| Orb of Lightning | 1 | |
| Scroll of Town Portal | 1 | |
7 total
lucky8 (
blue | 74 APM | 1077 actions | 14:28)
2 Blademaster
1 Wind Walk
1 Critical Strike
» actions
| Assign group hotkey | 34 | |
| Basic commands | 14 | |
| Build / train | 43 | |
| ESC pressed | 1 | |
| Enter build submenu | 22 | |
| Enter hero's abilities submenu | 2 | |
| Right click | 467 | |
| Select / deselect | 129 | |
| Select group hotkey | 294 | |
| Use ability | 71 | |
1077 total
» units
| Peon | 7 | |
| Goblin Shredder | 1 | |
| Troll Batrider | 13 | |
21 total
» upgrades
| Liquid Fire | 1 | |
| Reinforced Defenses | 1 | |
| Ranged Weapons | 2 | |
| Ensnare | 1 | |
| Armor | 1 | |
6 total
» buildings
| Stronghold | 3 | |
| Altar of Storms | 1 | |
| Orc Burrow | 4 | |
| War Mill | 1 | |
| Voodoo Lounge | 1 | |
| Watch Tower | 4 | |
| Fortress | 1 | |
| Beastiary | 2 | |
17 total
» build order
01:20 Stronghold
01:20 Stronghold
01:21 Stronghold
01:31 Altar of Storms
01:44 Orc Burrow
02:09 War Mill
02:39 Orc Burrow
03:06 Voodoo Lounge
04:20 Watch Tower
04:21 Watch Tower
04:45 Fortress
05:37 Beastiary
06:26 Beastiary
06:31 Orc Burrow
06:50 Orc Burrow
07:54 Watch Tower
08:00 Watch Tower
» items
| Healing Salve | 2 | |
| Scroll of Speed | 2 | |
| Lesser Clarity Potion | 2 | |
| Orb of Lightning | 1 | |
| Boots of Speed | 1 | |
| Potion of Healing | 1 | |
9 total
500GoldOrIUnsum (
orange | 61 APM | 881 actions | 14:29)
5 Death Knight
3 Death Coil
2 Unholy Aura
» actions
| Assign group hotkey | 97 | |
| Basic commands | 21 | |
| Build / train | 47 | |
| Enter build submenu | 22 | |
| Enter hero's abilities submenu | 5 | |
| Give item / drop item | 2 | |
| Remove unit from queue | 1 | |
| Right click | 357 | |
| Select / deselect | 227 | |
| Select group hotkey | 73 | |
| Use ability | 29 | |
881 total
» units
| Acolyte | 7 | |
| Ghoul | 6 | |
| Frost Wyrm | 11 | |
24 total
» upgrades
| Creature Attack | 3 | |
| Creature Carapace | 3 | |
| Freezing Breath | 1 | |
7 total
» buildings
| Crypt | 2 | |
| Ziggurat | 7 | |
| Graveyard | 1 | |
| Altar of Darkness | 1 | |
| Tomb of Relics | 1 | |
| Nerubian Tower | 2 | |
| Halls of the Dead | 3 | |
| Spirit Tower | 2 | |
| Black Citadel | 1 | |
| Sacrificial Pit | 1 | |
| Necropolis | 1 | |
| Boneyard | 2 | |
24 total
» build order
00:30 Crypt
00:33 Ziggurat
00:36 Graveyard
00:39 Altar of Darkness
01:01 Ziggurat
01:45 Tomb of Relics
02:04 Nerubian Tower
02:51 Halls of the Dead
02:51 Halls of the Dead
02:51 Halls of the Dead
03:16 Ziggurat
03:20 Ziggurat
04:15 Spirit Tower
04:22 Spirit Tower
05:13 Black Citadel
05:47 Sacrificial Pit
06:27 Necropolis
07:34 Boneyard
07:42 Boneyard
08:13 Ziggurat
08:16 Ziggurat
08:17 Ziggurat
09:23 Spirit Tower
09:24 Nerubian Tower
11:47 Crypt
» items
MajorNewbs (
yellow | 30 APM | 438 actions | 14:28)
5 Blood Mage
2 Flame Strike
3 Siphon Mana
» actions
| Basic commands | 22 | |
| Build / train | 44 | |
| Enter build submenu | 21 | |
| Enter hero's abilities submenu | 5 | |
| Right click | 94 | |
| Select / deselect | 190 | |
| Use ability | 62 | |
438 total
» units
| Peasant | 12 | |
| Mortar Team | 12 | |
| Sorceress | 2 | |
26 total
» upgrades
| Gunpowder | 3 | |
| Armor | 3 | |
| Flare | 1 | |
| Fragmentation Shards | 1 | |
8 total
» buildings
| Lumber Mill | 1 | |
| Farm | 11 | |
| Scout Tower | 1 | |
| Altar of Kings | 1 | |
| Arcane Tower | 1 | |
| Blacksmith | 1 | |
| Keep | 1 | |
| Castle | 1 | |
| Workshop | 3 | |
| Arcane Vault | 1 | |
| Arcane Sanctum | 1 | |
23 total
» build order
00:44 Lumber Mill
01:21 Farm
01:39 Scout Tower
02:05 Altar of Kings
02:08 Arcane Tower
02:12 Farm
02:56 Blacksmith
03:16 Farm
03:19 Keep
04:10 Farm
04:27 Farm
05:11 Farm
05:41 Castle
05:45 Workshop
05:48 Workshop
05:54 Workshop
07:37 Farm
09:40 Arcane Vault
10:12 Farm
11:14 Arcane Sanctum
13:06 Farm
13:35 Farm
14:00 Farm
team 2 (loser)
CHRONICtOKE (
green | 41 APM | 566 actions | 13:54)
3 Mountain King
2 Storm Bolt
1 Bash
2 Paladin
1 Holy Light
1 Divine Shield
» actions
| Assign group hotkey | 11 | |
| Build / train | 65 | |
| Enter build submenu | 18 | |
| Enter hero's abilities submenu | 5 | |
| Right click | 199 | |
| Select / deselect | 157 | |
| Select group hotkey | 68 | |
| Use ability | 43 | |
566 total
» units
| Peasant | 16 | |
| Footman | 2 | |
| Rifleman | 5 | |
| Fel Beast | 1 | |
| Draenei Disciple | 1 | |
| Voidwalker | 1 | |
| Draenei Darkslayer | 1 | |
27 total
» upgrades
| Swords | 1 | |
| Long Rifles | 1 | |
| Gunpowder | 2 | |
| Lumber Harvesting | 1 | |
| Masonry | 1 | |
| Armor | 1 | |
7 total
» buildings
| Altar of Kings | 1 | |
| Farm | 7 | |
| Blacksmith | 1 | |
| Barracks | 2 | |
| Keep | 1 | |
| Lumber Mill | 1 | |
| Town Hall | 2 | |
| Arcane Vault | 2 | |
| Guard Tower | 5 | |
| Scout Tower | 1 | |
| Castle | 1 | |
24 total
» build order
01:28 Altar of Kings
01:32 Farm
01:53 Blacksmith
02:09 Farm
02:12 Farm
02:52 Barracks
02:55 Barracks
03:01 Farm
04:18 Keep
06:06 Farm
06:10 Farm
06:23 Lumber Mill
08:35 Town Hall
08:42 Town Hall
08:56 Arcane Vault
09:40 Farm
09:55 Arcane Vault
10:24 Guard Tower
11:29 Scout Tower
11:55 Guard Tower
12:05 Castle
12:08 Guard Tower
13:15 Guard Tower
13:17 Guard Tower
» items
| Ivory Tower | 9 | |
| Scroll of Regeneration | 3 | |
| Lesser Clarity Potion | 1 | |
13 total
DoorHinge (
purple | 93 APM | 1267 actions | 13:40)
3 Demon Hunter
2 Mana Burn
1 Evasion
1 Keeper of the Grove
1 Entangling Roots
1 Priestess of the Moon
1 Scout
» actions
| Assign group hotkey | 15 | |
| Basic commands | 5 | |
| Build / train | 67 | |
| ESC pressed | 1 | |
| Enter build submenu | 19 | |
| Enter hero's abilities submenu | 5 | |
| Give item / drop item | 1 | |
| Right click | 555 | |
| Select / deselect | 228 | |
| Select group hotkey | 331 | |
| Use ability | 40 | |
1267 total
» units
| Wisp | 24 | |
| Archer | 9 | |
| Hippogryph | 10 | |
| Goblin Shredder | 1 | |
| Chimaera | 4 | |
48 total
» upgrades
| Strength of the Wild | 2 | |
| Improved Bows | 1 | |
3 total
» buildings
| Altar of Elders | 1 | |
| Moon Well | 7 | |
| Ancient of War | 1 | |
| Tree of Life | 1 | |
| Ancient of Wonders | 1 | |
| Tree of Ages | 1 | |
| Hunter's Hall | 2 | |
| Tree of Eternity | 1 | |
| Ancient of Wind | 2 | |
| Chimaera Roost | 3 | |
20 total
» build order
00:05 Altar of Elders
00:17 Moon Well
00:31 Ancient of War
01:27 Moon Well
02:01 Moon Well
04:13 Tree of Life
04:44 Ancient of Wonders
04:46 Tree of Ages
05:22 Hunter's Hall
05:29 Moon Well
05:35 Hunter's Hall
06:23 Moon Well
07:13 Tree of Eternity
07:41 Ancient of Wind
08:02 Moon Well
09:41 Chimaera Roost
09:48 Chimaera Roost
10:07 Chimaera Roost
11:15 Ancient of Wind
11:54 Moon Well
» items
| Dust of Appearance | 1 | |
| Scroll of Town Portal | 1 | |
| Anti-magic Potion | 2 | |
| Orb of Venom | 1 | |
5 total
Meowmeowington (
pink | 44 APM | 552 actions | 12:38)
3 Far Seer
2 Feral Spirit
1 Chain Lighting
1 Shadow Hunter
1 Healing Wave
» actions
| Basic commands | 29 | |
| Build / train | 36 | |
| ESC pressed | 1 | |
| Enter build submenu | 15 | |
| Enter hero's abilities submenu | 4 | |
| Right click | 181 | |
| Select / deselect | 247 | |
| Use ability | 38 | |
552 total
» units
| Peon | 9 | |
| Grunt | 4 | |
| Troll Headhunter/Berserker | 6 | |
19 total
» upgrades
| Melee Weapons | 1 | |
| Armor | 1 | |
| Troll Regeneration | 1 | |
| Shaman Training | 2 | |
| Berserker Upgrade | 1 | |
| Reinforced Defenses | 1 | |
7 total
» buildings
| Altar of Storms | 1 | |
| Orc Burrow | 5 | |
| Barracks | 2 | |
| War Mill | 1 | |
| Voodoo Lounge | 1 | |
| Watch Tower | 3 | |
| Stronghold | 1 | |
| Fortress | 1 | |
| Spirit Lodge | 1 | |
| Beastiary | 1 | |
17 total
» build order
00:09 Altar of Storms
00:12 Orc Burrow
00:23 Barracks
01:33 Orc Burrow
02:19 War Mill
03:01 Voodoo Lounge
03:32 Orc Burrow
03:36 Orc Burrow
03:43 Watch Tower
04:33 Stronghold
04:50 Watch Tower
05:56 Watch Tower
06:04 Orc Burrow
07:11 Barracks
07:13 Fortress
07:22 Spirit Lodge
11:03 Beastiary
» items

»
TheDylz (
red | 35 APM | 512 actions | 14:28)
2 Far Seer
1 Feral Spirit
1 Far Sight
» actions
| Assign group hotkey | 22 | |
| Basic commands | 25 | |
| Build / train | 31 | |
| Enter build submenu | 19 | |
| Enter hero's abilities submenu | 2 | |
| Remove unit from queue | 2 | |
| Right click | 139 | |
| Select / deselect | 113 | |
| Select group hotkey | 132 | |
| Use ability | 27 | |
512 total
» units
| Peon | 7 | |
| Grunt | 5 | |
| Troll Headhunter/Berserker | 5 | |
| Shaman | 2 | |
19 total
» upgrades
| Berserker Strength | 1 | |
| Pillage | 1 | |
| Troll Regeneration | 1 | |
| Shaman Training | 1 | |
| Witch Doctor Training | 1 | |
5 total
» buildings
| Orc Burrow | 5 | |
| Altar of Storms | 1 | |
| Barracks | 1 | |
| War Mill | 1 | |
| Voodoo Lounge | 1 | |
| Stronghold | 1 | |
| Spirit Lodge | 2 | |
| Watch Tower | 1 | |
| Fortress | 1 | |
14 total
» build order
02:22 Orc Burrow
02:33 Altar of Storms
03:02 Barracks
03:51 Orc Burrow
04:48 War Mill
04:53 Voodoo Lounge
07:01 Stronghold
07:06 Orc Burrow
08:44 Orc Burrow
09:38 Spirit Lodge
09:41 Spirit Lodge
09:50 Orc Burrow
09:52 Watch Tower
13:06 Fortress
Chat log
(00:06 / Allies) 500GoldOrIUnsum: 500 gold now or I will unsummon
(00:08 / Allies) 500GoldOrIUnsum: cough it up team
(00:25 / Allies) 500GoldOrIUnsum: alright close enough
(02:02 / All) MajorNewbs: what are the winning power ball numbers?
(02:08 / All) Meowmeowington: not sure.
(02:24 / All) 500GoldOrIUnsum: 14/88/6/66
(02:35 / All) MajorNewbs: google is declaring one number set, powerball website another set
(02:41 / All) MajorNewbs: looks like lottery FRAUD
(02:52 / All) Meowmeowington: I wouldnt doubt it.
(02:53 / All) MajorNewbs: google powerball for today
(03:04 / All) MajorNewbs: Time to prosecute
(03:09 / All) MajorNewbs: FEDERAL Investigation
(03:24 / All) TheDylz: please
(03:29 / All) MajorNewbs: I just checked
(03:48 / All) MajorNewbs: google search powerball winner is different from the powerball.com numbers
(04:05 / All) MajorNewbs: lotter FRAUD
(04:23 / All) MajorNewbs: Time to send in the FEDS and Prosecute
(04:42 / All) MajorNewbs: Powerball is massive lotter FRAUD
(04:46 / All) MajorNewbs: y
(05:17 / Allies) Intrigue: u guys ok?
(06:29 / All) MajorNewbs: Trust Me, do a google search on the powerball winning numbers
(06:33 / All) MajorNewbs: it's different
(06:48 / All) MajorNewbs: time for the FEDS to raid them criminals
(07:16 / All) MajorNewbs: I want My 9 dollars back NOW
(08:47 / Allies) 500GoldOrIUnsum: lumber gold
(09:27 / Allies) Intrigue: wow
(09:28 / Allies) Intrigue: 2 v 1
(10:01 / Allies) Intrigue: come blue
(10:40 / Allies) MajorNewbs: Counter
(10:57 / Allies) MajorNewbs: Counter for the WIN NOW
(11:06 / Allies) MajorNewbs: Counter and Win it now
(12:32 / Allies) Intrigue: omw yellow
(12:44 / Allies) MajorNewbs: retarded newbs
(12:47 / Allies) MajorNewbs: I said Counter
(12:53 / Allies) MajorNewbs: you dumbasses can't read
(13:13 / All) MajorNewbs: Pawned
(13:15 / All) MajorNewbs: Gg newbs
(13:54 / All) CHRONICtOKE: useless team